 Dungeon Crawl Stone Soup version 0.28-a0-447-g1f95980246 (webtiles) character file.

Game seed: 2143406315615189355

344 avis the Skirmisher (level 6, -8/58 (60) HPs)
             Began as a Naga Transmuter on Sept 12, 2021.
             Mangled by Crazy Yiuf (13 damage)
             ... on level 3 of the Dungeon.
             The game lasted 00:19:29 (3767 turns).

avis the Skirmisher (Naga Transmuter)               Turns: 3767, Time: 00:19:32

HP:   -8/58 (60)    AC:  2    Str: 12    XL:     6   Next: 58%
MP:   9/9           EV: 18    Int: 16    God:
Gold: 159           SH:  0    Dex: 16    Spells: 1/9 levels left

rFire   . . .      SeeInvis +     - Unarmed
rCold   . . .      Faith    .   (shield currently unavailable)
rNeg    . . .      Spirit   .   (armour currently unavailable)
rPois   x          Reflect  .   (helmet currently unavailable)
rElec   .          Harm     .   (cloak currently unavailable)
rCorr   .          Rampage  .   (gloves currently unavailable)
Will    .....                   (no barding)
Stlth   +.........              (no amulet)
HPRegen 0.19/turn               (no ring)
MPRegen 0.11/turn               (no ring)

@: confused, lethally poisoned (-8 -> -33), spider-form, ambrosia-drunk, lightly
drained
A: venomous fangs, AC +2, tiny, see invisible, (deformed body), (poison
resistance), (slowness 2), spit poison 1, (naga tail 1)
a: Spit Poison, End Transformation


You were on level 3 of the Dungeon.
You were a venomous arachnid creature.
You visited 1 branch of the dungeon, and saw 3 of its levels.
You also visited: Sewer.

You collected 159 gold pieces.

Inventory:

Hand Weapons
 a - a +2 short sword of venom (melded)
 b - a +0 hunting sling
 k - a +0 whip of venom
Missiles
 f - 68 arrows
 j - 39 stones
 r - 17 poisoned darts
 s - 23 bolts
Armour
 g - a +0 robe (melded)
 i - a +0 pair of gloves (melded)
 p - a +0 cloak (melded)
 t - a +0 pair of gloves
 v - a +0 kite shield
Scrolls
 h - 3 scrolls of enchant weapon {unknown}
 m - 2 scrolls of fear {unknown}
 n - a scroll of noise {unknown}
 q - a scroll of teleportation {unknown}
 u - a scroll of identify {unknown}
 w - a scroll of magic mapping {unknown}
Potions
 c - a potion of attraction {unknown}
 d - a potion of ambrosia
 e - a potion of might {unknown}
 l - a potion of magic {unknown}
 o - 2 potions of curing {unknown}


   Skills:
 * Level 4.8 Fighting
 - Level 1.5 Dodging
 - Level 4.0 Unarmed Combat
 - Level 2.0 Spellcasting
 - Level 3.0 Transmutations
 - Level 3.0 Poison Magic


You had one spell level left.
You knew the following spells:

 Your Spells              Type           Power      Damage    Failure   Level
a - Beastly Appendage     Tmut           22%        N/A       17%         1
b - Ice Form              Ice/Tmut       6%         N/A       88%         4
p - Spider Form           Tmut/Pois      5%         N/A       38%         3

Your spell library contained the following spells:

 Spells                   Type           Power      Damage    Failure   Level
 Animate Skeleton         Necr           2%         N/A       41%         1
 Wereblood                Tmut           11%        N/A       22%         2
 Blink                    Tloc           N/A        N/A       52%         2
 Animate Dead             Necr           0%         N/A       97%         4
 Agony                    Necr           1%         N/A       100%        5
 Manifold Assault         Tloc           1%         N/A       100%        5
 Storm Form               Tmut/Air       3%         N/A       100%        7
 Infestation              Necr           0%         N/A       100%        8


Dungeon Overview and Level Annotations

Branches:
Dungeon (3/15)              Sewer (visited)

Altars:
Ru
Xom

Annotations:
D:3 Crazy Yiuf


Innate Abilities, Weirdness & Mutations

You are a venomous arachnid creature.
You have poisonous fangs.
You are tiny and dextrous.
Your spellcasting is less reliable in this form.
Your armour is entirely melded.
You are incapable of wielding weapons or throwing items.
((Your serpentine skin is tough. (AC +2)))
You have supernaturally acute eyesight. (SInv)
((Armour fits poorly on your strangely shaped body.))
((Your system is resistant to poisons. (rPois)))
((You cover ground very slowly.))
You can spit poison.
((You have a snake-like lower body.))


Message History

You enter the shallow water.
Moving in this stuff is going to be slow.
Found a ring mail.
w - a scroll labelled YBRUECKO YLLA
Found a sacrificial altar of Ru.
f - 68 arrows (gained 20)
Found a mace.
Found a runed translucent door.
Casting: Spider Form (dangerous; 19% risk of failure)
Confirm with . or Enter, or press ? or * to list all spells.
You turn into a venomous arachnid creature.
Your +2 short sword of venom melds into your body.
Your +0 cloak melds into your body.
Your +0 pair of gloves melds into your body.
Your +0 robe melds into your body.
Your +2 short sword of venom stops dripping with poison.
You open the door.
Crazy Yiuf grits, "Snower ena broken!"
You hit Crazy Yiuf.
Crazy Yiuf is poisoned.
Crazy Yiuf is moderately wounded.
Crazy Yiuf laughs, "Scoff broken foot!"
Crazy Yiuf hits you with a +3 quarterstaff of chaos!
You feel drained.
You hit Crazy Yiuf.
Crazy Yiuf looks as sick as possible!
Crazy Yiuf is heavily wounded.
Crazy Yiuf cries, "You leg down broken song, no?"
Crazy Yiuf hits you with a +3 quarterstaff of chaos!
Crazy Yiuf draws strength from your wounds!
You hit Crazy Yiuf.
Crazy Yiuf looks as sick as possible!
Crazy Yiuf is lightly wounded.
Crazy Yiuf whimpers, "Powder!"
Crazy Yiuf hits you with a +3 quarterstaff of chaos!
* * * LOW HITPOINT WARNING * * *
You are lethally poisoned!
It was a potion of ambrosia.
You are confused.
You feel invigorated.
* * * LOW HITPOINT WARNING * * *
You feel extremely sick.
Crazy Yiuf hits you with a +3 quarterstaff of chaos!
You die...

....#
#.###....#
##..# #.#
#....# #.#.#
#.# ♣....♣
.##.######.#
♣...♣♣
###........#
♣♣.♣♣
######.#####
♣.♣♣
.......#
♣♣.♣
.#####.#
♣.♣♣
.#####.#
♣♣s♣
.##....# #g#
.##.##.# ...
.##.##.#
#...#
.......#
#..)#
########
#####


You could see Crazy Yiuf (extremely poisoned).

Vanquished Creatures
  Sigmund (D:2)
  A bullfrog (Sewer)
  4 adders
  A dart slug (D:1)
  3 bats
  5 endoplasms
  8 giant cockroaches
  5 goblins
  4 hobgoblins
  4 jackals
  6 quokkas
  7 ball pythons
  13 frilled lizards
  7 kobolds
  6 rats
75 creatures vanquished.

Notes
Turn   | Place    | Note
-------+----------+-------------------------------------------
     0 | D:1      | avis the Naga Transmuter began the quest for the Orb.
     0 | D:1      | Reached XP level 1. HP: 18/18 MP: 3/3
   300 | D:1      | Reached XP level 2. HP: 23/26 MP: 3/5
   967 | D:1      | Reached XP level 3. HP: 31/32 MP: 4/6
   978 | D:1      | Learned a level 3 spell: Spider Form
  1204 | D:1      | Reached skill level 1 in Poison Magic
  1703 | D:2      | Noticed Sigmund
  1713 | D:2      | Killed Sigmund
  1714 | D:2      | Reached XP level 4. HP: 44/44 MP: 4/7
  1714 | D:2      | Reached XP level 5. HP: 50/50 MP: 4/8
  2331 | D:2      | Reached XP level 6. HP: 45/57 MP: 5/9
  2425 | D:2      | Learned a level 4 spell: Ice Form
  2604 | D:3      | Got the Tome of Dark Rituals
  2734 | D:3      | Found a shimmering altar of Xom.
  2876 | D:3      | Found a glowing drain.
  2880 | Sewer    | Entered a sewer
  3631 | D:3      | Found a sacrificial altar of Ru.
  3758 | D:3      | Found a runed translucent door.
  3760 | D:3      | Noticed Crazy Yiuf
  3767 | D:3      | Mangled by Crazy Yiuf

Illustrated notes

Levels and vault maps discovered:
D:1:      dpeg_arrival_tiny_a, layout_loops_cross, st_stairs_2, minmay_tall_x
D:2:      layout_basic, uniq_sigmund
D:3:      layout_loops_cross, mainiacjoe_overflow_concentric_impassable,
          mainiacjoe_overflow_brackets, mainiacjoe_overflow_two_lobes,
          lemuel_round_altar, gup_sewer_entry_bowl,
          hellmonk_ecumenical_altar_heavens_door, st_stairs_12,
          serial_bayou_crossing, uniq_crazy_yiuf_cottage

Skill      XL: |  1  2  3  4  5  6 |
---------------+-------------------+-----
Fighting       | 2 4 |  4.8
Transmutations | 3 |  3.0
Poison Magic   | 3 |  3.0
Unarmed Combat | 4 |  4.0
Dodging        | |  1.5
Spellcasting   | |  2.0

Action                   |  1- 3 |  4- 6 || total
-------------------------+-------+-------++-------
Melee: Unarmed           |    18 |    77 ||    95
       Dagger            |    28 |       ||    28
       Headbutt          |     8 |       ||     8
       Punch             |     2 |       ||     2
       Short sword       |    35 |    15 ||    50
 Cast: Beastly Appendage |    22 |       ||    22
       Spider Form       |     3 |    28 ||    31
  Use: Potion            |       |     1 ||     1
Armor: Robe              |     4 |     7 ||    11
       Skin              |       |     4 ||     4
Dodge: Dodged            |    29 |    71 ||   100

Table legend: (Time is in decaauts)
 A = Elapsed time spent in this place.
 B = Non-inter-level travel time spent in this place.
 C = Inter-level travel time spent in this place.
 D = Time resting spent in this place.
 E = Time spent auto-exploring this place.
 F = Levels seen in this place.
 G = Mean time per level.
                   A        B        C        D        E       F      G
               +--------+--------+--------+--------+--------+-----+--------+
         Total |   4626 |   4428 |    198 |   1122 |   2039 |   4 | 1156.5 |
       Dungeon |   3741 |   3543 |    198 |   1063 |   1647 |   3 | 1247.0 |
         Sewer |    884 |    884 |      0 |     59 |    391 |   1 |  884.0 |
               +--------+--------+--------+--------+--------+-----+--------+

Top non-repeatable levels by time:
     D:1: 1897 daAuts
     D:2: 1212 daAuts
   Sewer: 884 daAuts
     D:3: 631 daAuts
